 Dungeon Crawl Stone Soup version 0.31.0-9-g3a7656b989 (webtiles) character file.

Game seed: 16540422655148239798

63 qw the Shooter (level 3, -3/20 HPs)
             Began as a Deep Elf Hunter on Feb 2, 2024.
             Succumbed to an orc's poison
             ... on level 3 of the Dungeon.
             The game lasted 00:00:05 (1621 turns).

qw the Shooter (Deep Elf Hunter)                    Turns: 1621, Time: 00:00:06

Health: -3/20      AC:  6    Str: 10    XL:     3   Next: 87%
Magic:  5/5        EV: 11    Int: 13    God:
Gold:   50         SH:  0    Dex: 18    Spells: 2/2 levels left

rFire   . . .        a - +0 shortbow
rCold   . . .        (shield currently unavailable)
rNeg    . . .        j - +0 ring mail
rPois   .            (no helmet)
rElec   .            h - +0 cloak
rCorr   .            (no gloves)
SInv    .            (no boots)
Will    .....        (no amulet)
Stlth   +            (no ring)
HPRegen 0.23/turn    (no ring)
MPRegen 0.09/turn

%: no passive effects
@: lethally poisoned (-3 -> -30), about to teleport
A: no striking features
a: no special abilities


You were on level 3 of the Dungeon.
You visited 1 branch of the dungeon, and saw 3 of its levels.

You collected 50 gold pieces.


   Skills:
 - Level 1.5 Fighting
 + Level 7.3 Ranged Weapons
 - Level 2.4 Dodging
 - Level 1.2 Stealth


You had 2 spell levels left.
You didn't know any spells.
Your spell library was empty.

Inventory:

Hand Weapons
 a - a +0 shortbow (weapon)
Armour
 h - a +0 cloak (worn)
 j - a +0 ring mail (worn)
Wands
 g - a wand of iceblast (6)
Scrolls
 c - a scroll of identify {unknown}
 d - a scroll of amnesia {unknown}
Potions
 b - a potion of berserk rage {unknown}
 e - a potion of mutation {unknown}
 f - a potion of might
 i - a potion of curing {unknown}

Dungeon Overview and Level Annotations

Branches:
Dungeon (2/15)

Altars:
Uskayaw


Message History

You shoot an arrow. The arrow hits the adder.
You kill the adder!
You start resting.
HP restored.
You now have 50 gold pieces (gained 4).
Found a leather armour.
You see here a +0 leather armour. 2 orcs come into view.
An orc is wielding a +0 flail of venom.
The orc shouts!
You hear a shout!
You shoot an arrow. The arrow closely misses the orc.
You shoot an arrow. The arrow closely misses the orc.
An orc comes into view. It is wielding a +0 quarterstaff.
You shoot an arrow. The arrow hits the orc.
The orc is moderately wounded.
You shoot an arrow. The arrow hits the orc!
You kill the orc!
You shoot an arrow.
The arrow hits the orc but does no damage.
You shoot an arrow.
The arrow hits the orc but does no damage.
You shoot an arrow.
The arrow hits the orc but does no damage.
You shoot an arrow.
The arrow hits the orc but does no damage.
The orc hits you but does no damage.
You shoot an arrow. The arrow closely misses the orc.
The orc hits you with a +0 quarterstaff!
The orc hits you with a +0 flail of venom.
You are poisoned.
You shoot an arrow. The arrow barely misses the orc.
You feel very sick. The orc hits you but does no damage.
You are lethally poisoned!
The orc hits you but does no damage. x2
The orc hits you with a +0 flail of venom.
You are more poisoned.
1621 ||| READING scroll of teleportation.
As you read the scroll of teleportation, it crumbles to dust.
You feel strangely unstable.
You die...

#.....#.##.##..##
#.....#.##.##.##
#######.......#
####.#### #.# #.#
#.# #.# #@#
......oo#
#########


You could see 2 orcs.

Vanquished Creatures
  2 adders (D:3)
  A dart slug (D:1)
  A ribbon worm (D:2)
  An orc (D:3)
  5 bats
  A giant cockroach (D:3)
  2 goblins
  6 hobgoblins
  4 quokkas
  6 ball pythons
  3 frilled lizards (D:1)
  5 rats (D:1)
37 creatures vanquished.

Notes
Turn   | Place    | Note
-------+----------+-------------------------------------------
     0 | D:1      | qw the Deep Elf Hunter began the quest for the Orb.
     0 | D:1      | Reached XP level 1. HP: 12/12 MP: 3/3
     0 | D:1      | 0 ||| qw: Version: 0.3-a-155-g5e7d8dd
     0 | D:1      | 0 ||| qw: Game counter: 1679
     0 | D:1      | 0 ||| qw: Melee chars always use a shield: true
     0 | D:1      | 0 ||| qw: God list: Okawaru
     0 | D:1      | 0 ||| qw: Allow faded altars: false
     0 | D:1      | 0 ||| qw: Do Orc after clearing Dungeon:15 true
     0 | D:1      | 0 ||| qw: Do second Lair branch before Depths: true
     0 | D:1      | 0 ||| qw: Lair rune preference: random
     0 | D:1      | 0 ||| qw: Goals: Normal
     0 | D:1      | 0 ||| PLANNING D:1-11
   300 | D:1      | Reached XP level 2. HP: 16/16 MP: 4/4
   312 | D:1      | Reached skill level 6 in Ranged Weapons
  1079 | D:1      | 1079 ||| UPGRADING to +0 cloak.
  1084 | D:1      | 1084 ||| UPGRADING to +0 ring mail.
  1094 | D:1      | 1094 ||| DROPPING +0 leather armour.
  1095 | D:1      | 1095 ||| READING scroll labelled CEUROR UNAUHIE.
  1100 | D:1      | 1100 ||| READING scroll labelled UPIECE UTTUNI.
  1101 | D:1      | 1101 ||| READING scroll labelled ACROAH EPIFIAH.
  1102 | D:1      | 1102 ||| DRINKING 2 viscous inky potions.
  1103 | D:1      | 1103 ||| DROPPING scroll of butterflies.
  1216 | D:2      | Reached XP level 3. HP: 20/20 MP: 5/5
  1311 | D:2      | Found a hide-covered altar of Uskayaw.
  1438 | D:2      | You fall into a shaft and drop 1 floor!
  1457 | D:3      | Reached skill level 7 in Ranged Weapons
  1620 | D:3      | HP: 3/20 [orc/+0 flail of venom (5)]
  1621 | D:3      | 1621 ||| READING scroll of teleportation.
  1621 | D:3      | Succumbed to an orc's poison

Levels and vault maps discovered:
D:1:      roderic_crop_circles_arrival_small, layout_basic
D:2:      cheibrodos_old_hovel, layout_basic, basic_altar, uniq_sigmund
D:3:      layout_loops_cross, shapermc_ecumenical_altar_hornbeckon

Skill      XL: |  1  2  3 |
---------------+----------+-----
Ranged Weapons | 6 7 |  7.3
Fighting       | |  1.5
Dodging        | |  2.4
Stealth        | |  1.2

Action                     || total
---------------------------++-------
   Fire: Shortbow          ||   123
    Use: Scroll            ||     4
         Potion            ||     1
 Armour: Leather armour    ||    12
         Ring mail         ||    22
  Dodge: Dodged            ||    41

Table legend:
 A = Non-vault XP
 B = Vault XP
 C = Vault XP percentage of total XP
 D = Non-vault monster count
 E = Vault monster count
 F = Vault count percentage of total count
                 A         B        C        D         E       F
            +---------+---------+-------+---------+---------+-------
      Total |      90 |       0 |   0.0 |      37 |       0 |   0.0
            +---------+---------+-------+---------+---------+-------
        D:1 |      35 |       0 |   0.0 |      21 |       0 |   0.0
        D:2 |      22 |       0 |   0.0 |      11 |       0 |   0.0
        D:3 |      33 |       0 |   0.0 |       5 |       0 |   0.0
            +---------+---------+-------+---------+---------+-------
